PBL
BALTIMORE ORIOLES @ DETROIT TIGERS
04/18/2071
 
TOP OF THE 1ST
Baltimore Orioles batting - Pitching for Detroit Tigers : LHP Loren Simpson
Pitching: LHP Loren Simpson
Batting: RHB Jeff Cox 0-0: Called Strike
0-1: Called Strike
0-2: Ball
1-2: Ball
2-2: Foul Ball, location: 2F
2-2: Ground out 6-3 (Groundball, 6, EV 86.3 MPH)
Batting: LHB Tony Flores 0-0: SINGLE (Groundball, 6MD, EV 100.0 MPH)
Batting: RHB Manny Rivera 0-0: Ball
1-0: Called Strike
1-1: Foul Ball, location: 5FF
1-2: Strikes out swinging
Batting: RHB Calvin Pucetas 0-0: Ball
1-0: Ball
2-0: Ball
3-0: Called Strike
3-1: Called Strike
3-2: Strikes out swinging
Top of the 1st over - 0 runs, 1 hit, 0 errors, 1 left on base; Baltimore 0 - Detroit 0
BOTTOM OF THE 1ST
Detroit Tigers batting - Pitching for Baltimore Orioles : RHP Jim Tanner
Pitching: RHP Jim Tanner
Batting: SHB Jorge Morán 0-0: Ball
1-0: Ground out 2-3 (Groundball, 2L, EV 72.5 MPH)
Batting: RHB David Fisher 0-0: Ball
1-0: Called Strike
1-1: Swinging Strike
1-2: Ball
2-2: Ball
3-2: Foul Ball, location: 5FF
3-2: SINGLE (Line Drive, 9LS, EV 81.3 MPH)
Batting: LHB Jorge Fernández 0-0: Called Strike
0-1: Ball
1-1: Swinging Strike
1-2: Fly out, F8 (Flyball, 89D, EV 91.9 MPH)
Batting: RHB Luis Martínez 0-0: Ball
1-0: Foul Ball, location: 7LDF
1-1: Foul Ball, location: 3F
1-2: Ball
2-2: 2-RUN HOME RUN (Flyball, 7D, EV 94.4 MPH), Distance : 374 ft
Batting: LHB Masanori Ikeda 0-0: Ball
1-0: Ball
2-0: Swinging Strike
2-1: SINGLE (Flyball, 3D, EV 93.8 MPH)
Batting: LHB Dong-po Xiong 0-0: Foul Ball, location: 25F
0-1: Ball
1-1: SINGLE (Flyball, 78S, EV 91.3 MPH)
Masanori Ikeda to second
Batting: RHB Jim Velazaqau 0-0: Called Strike
0-1: Swinging Strike
0-2: Ball
1-2: Ball
2-2: Ball
3-2: Strikes out looking
Bottom of the 1st over - 2 runs, 4 hits, 0 errors, 2 left on base; Baltimore 0 - Detroit 2
TOP OF THE 2ND
Baltimore Orioles batting - Pitching for Detroit Tigers : LHP Loren Simpson
Batting: RHB Mike Lansfor 0-0: Ball
1-0: Swinging Strike
1-1: Foul Ball, location: 3F
1-2: Strikes out looking
Batting: RHB Kent Cox 0-0: Swinging Strike
0-1: Foul Ball, location: 2F
0-2: Ball
1-2: Strikes out swinging
Batting: LHB Armando Martínez 0-0: Called Strike
0-1: Foul Ball, location: 2F
0-2: Strikes out swinging
Top of the 2nd over - 0 runs, 0 hits, 0 errors, 0 left on base; Baltimore 0 - Detroit 2
BOTTOM OF THE 2ND
Detroit Tigers batting - Pitching for Baltimore Orioles : RHP Jim Tanner
Batting: LHB Miguel Martínez 0-0: Ball
1-0: Called Strike
1-1: Fly out, F9 (Line Drive, 9S, EV 85.6 MPH)
Batting: LHB Archie Wood 0-0: Called Strike
0-1: Foul Ball, location: 2F
0-2: Ball
1-2: Strikes out swinging
Batting: SHB Jorge Morán 0-0: Called Strike
0-1: Ball
1-1: Ball
2-1: Called Strike
2-2: Foul Ball, location: 2F
2-2: Foul Ball, location: 23F
2-2: Ball
3-2: Strikes out swinging
Bottom of the 2nd over - 0 runs, 0 hits, 0 errors, 0 left on base; Baltimore 0 - Detroit 2
TOP OF THE 3RD
Baltimore Orioles batting - Pitching for Detroit Tigers : LHP Loren Simpson
Batting: LHB Shinobu Narita 0-0: Ground out 4-3 (Groundball, 34D, EV 103.1 MPH)
Batting: RHB Ken Hudson 0-0: Ball
1-0: Swinging Strike
1-1: Swinging Strike
1-2: SINGLE (Line Drive, 9S, EV 93.1 MPH)
Batting: RHB Jeff Cox 0-0: Called Strike
0-1: Foul Ball, location: 5SF
0-2: Fielders Choice at 2nd, 3-6 (Groundball, 3, EV 103.1 MPH)
Batting: LHB Tony Flores 0-0: Ball
1-0: Ball
2-0: Called Strike
2-1: Ball
Jeff Cox steals 2nd base
3-1: Base on Balls
Batting: RHB Manny Rivera 0-0: Ball
1-0: Swinging Strike
1-1: Ball
2-1: Foul Ball, location: 2F
2-2: Foul Ball, location: 9LDF
2-2: Ball
3-2: Foul Ball, location: 2F
3-2: Foul Ball, location: 2LF
3-2: Ground out 6-3 (Groundball, 6, EV 85.6 MPH)
Top of the 3rd over - 0 runs, 1 hit, 0 errors, 2 left on base; Baltimore 0 - Detroit 2
BOTTOM OF THE 3RD
Detroit Tigers batting - Pitching for Baltimore Orioles : RHP Jim Tanner
Batting: RHB David Fisher 0-0: Ball
1-0: Foul Ball, location: 2F
1-1: Foul Ball, location: 2F
1-2: SINGLE (Groundball, 2L, EV 71.3 MPH) (infield hit)
Batting: LHB Jorge Fernández 0-0: Ball
1-0: Foul Ball, location: 5DF
1-1: Foul Ball, location: 2F
1-2: Foul Ball, location: 3DF
1-2: Grounds into double play, 5-4-3 (Groundball, 56S, EV 83.8 MPH)
Batting: RHB Luis Martínez 0-0: Called Strike
0-1: Fly out, F9 (Flyball, 89M, EV 96.3 MPH)
Bottom of the 3rd over - 0 runs, 1 hit, 0 errors, 0 left on base; Baltimore 0 - Detroit 2
TOP OF THE 4TH
Baltimore Orioles batting - Pitching for Detroit Tigers : LHP Loren Simpson
Batting: RHB Calvin Pucetas 0-0: Called Strike
0-1: Swinging Strike
0-2: DOUBLE (Line Drive, 9LS, EV 93.8 MPH)
Batting: RHB Mike Lansfor 0-0: Ball
1-0: Ground out 6-3 (Groundball, 6, EV 85.6 MPH)
Batting: RHB Kent Cox 0-0: Called Strike
0-1: Foul Ball, location: 3FF
0-2: Fly out, F9 (Flyball, 9, EV 89.4 MPH)
Batting: LHB Armando Martínez 0-0: Called Strike
0-1: Foul Ball, location: 5FF
0-2: Ball
1-2: Strikes out looking
Top of the 4th over - 0 runs, 1 hit, 0 errors, 1 left on base; Baltimore 0 - Detroit 2
BOTTOM OF THE 4TH
Detroit Tigers batting - Pitching for Baltimore Orioles : RHP Jim Tanner
Batting: LHB Masanori Ikeda 0-0: Ball
1-0: Ball
2-0: Ball
3-0: Called Strike
3-1: Fly out, F7 (Flyball, 7D, EV 91.3 MPH)
Batting: LHB Dong-po Xiong 0-0: Called Strike
0-1: Ball
1-1: Ball
2-1: Swinging Strike
2-2: Ball
3-2: Strikes out swinging
Batting: RHB Jim Velazaqau 0-0: Called Strike
0-1: Ball
1-1: Ball
2-1: Swinging Strike
2-2: Foul Ball, location: 9LSF
2-2: Foul Ball, location: 9LSF
2-2: Ball
3-2: Fly out, F9 (Flyball, 9D, EV 106.3 MPH)
Bottom of the 4th over - 0 runs, 0 hits, 0 errors, 0 left on base; Baltimore 0 - Detroit 2
TOP OF THE 5TH
Baltimore Orioles batting - Pitching for Detroit Tigers : LHP Loren Simpson
Batting: LHB Shinobu Narita 0-0: Ball
1-0: Called Strike
1-1: Foul Ball, location: 2F
1-2: Foul Ball, location: 9LSF
1-2: Foul Ball, location: 7LMF
1-2: Strikes out looking
Batting: RHB Ken Hudson 0-0: Called Strike
0-1: Foul Ball, location: 9LSF
0-2: Foul Ball, location: 9LSF
0-2: Ball
1-2: Strikes out looking
Batting: RHB Jeff Cox 0-0: Foul Ball, location: 9LSF
0-1: Ball
1-1: Ground out 5-3 (Groundball, 5, EV 102.5 MPH)
Top of the 5th over - 0 runs, 0 hits, 0 errors, 0 left on base; Baltimore 0 - Detroit 2
BOTTOM OF THE 5TH
Detroit Tigers batting - Pitching for Baltimore Orioles : RHP Jim Tanner
Batting: LHB Miguel Martínez 0-0: Ball
1-0: SINGLE (Flyball, 5D, EV 96.3 MPH)
Batting: LHB Archie Wood 0-0: Called Strike
0-1: Ball
1-1: Ball
2-1: Foul Ball, location: 2F
2-2: Ball
3-2: Grounds out, U3 (Groundball, 3L, EV 88.8 MPH)
Batting: SHB Jorge Morán 0-0: Called Strike
0-1: Ball
1-1: Ball
2-1: Ball
3-1: Called Strike
3-2: Fly out, F8 (Flyball, 8LS, EV 73.8 MPH)
Batting: RHB David Fisher 0-0: Ball
1-0: Ball
2-0: Foul Ball, location: 2F
2-1: Foul Ball, location: 2F
2-2: Ball
3-2: Strikes out looking
Bottom of the 5th over - 0 runs, 1 hit, 0 errors, 1 left on base; Baltimore 0 - Detroit 2
TOP OF THE 6TH
Baltimore Orioles batting - Pitching for Detroit Tigers : LHP Loren Simpson
Batting: LHB Tony Flores 0-0: Foul Ball, location: 2F
0-1: Ball
1-1: Fly out, F3 (Line Drive, 3L, EV 68.1 MPH)
Batting: RHB Manny Rivera 0-0: Ball
1-0: Called Strike
1-1: Foul Ball, location: 9LMF
1-2: Strikes out swinging
Batting: RHB Calvin Pucetas 0-0: Called Strike
0-1: Ball
1-1: Ball
2-1: Ground out 6-3 (Groundball, 6, EV 86.3 MPH)
Top of the 6th over - 0 runs, 0 hits, 0 errors, 0 left on base; Baltimore 0 - Detroit 2
BOTTOM OF THE 6TH
Detroit Tigers batting - Pitching for Baltimore Orioles : RHP Jim Tanner
Batting: LHB Jorge Fernández 0-0: Swinging Strike
0-1: Ball
1-1: Fly out, F5 (Popup, 5SF, EV 63.1 MPH)
Batting: RHB Luis Martínez 0-0: Foul Ball, location: 2F
0-1: Ball
1-1: Swinging Strike
1-2: Strikes out swinging
Batting: LHB Masanori Ikeda 0-0: Ball
1-0: SINGLE (Line Drive, 8RS, EV 91.3 MPH)
Pitching: RHP José Chávez
Batting: LHB Dong-po Xiong 0-0: Called Strike
0-1: Called Strike
0-2: Ball
1-2: DOUBLE (Line Drive, 7LM, EV 105.0 MPH)
Masanori Ikeda to third
Runner from 3rd tries for Home, SAFE, throw by LF to home
Batting: RHB Jim Velazaqau 0-0: Ball
1-0: Ground out 6-3 (Groundball, 6, EV 93.8 MPH)
Bottom of the 6th over - 1 run, 2 hits, 0 errors, 1 left on base; Baltimore 0 - Detroit 3
TOP OF THE 7TH
Baltimore Orioles batting - Pitching for Detroit Tigers : LHP Loren Simpson
Batting: RHB Mike Lansfor 0-0: Ball
1-0: Foul Ball, location: 5F
1-1: Ball
2-1: Foul Ball, location: 3DF
2-2: Ball
3-2: Foul Ball, location: 25FF
3-2: Strikes out swinging
Batting: RHB Kent Cox 0-0: Called Strike
0-1: Foul Ball, location: 5F
0-2: Foul Ball, location: 7LSF
0-2: Foul Ball, location: 3F
0-2: Foul Ball, location: 2RF
0-2: Ground out 6-3 (Groundball, 6, EV 90.0 MPH)
Batting: LHB Armando Martínez 0-0: Called Strike
0-1: Called Strike
0-2: Foul Ball, location: 2F
0-2: Ground out 4-3 (Groundball, 4MD, EV 102.5 MPH)
Top of the 7th over - 0 runs, 0 hits, 0 errors, 0 left on base; Baltimore 0 - Detroit 3
BOTTOM OF THE 7TH
Detroit Tigers batting - Pitching for Baltimore Orioles : RHP José Chávez
Batting: LHB Miguel Martínez 0-0: Called Strike
0-1: Called Strike
0-2: Ball
1-2: Fly out, F7 (Flyball, 78M, EV 90.6 MPH)
Batting: LHB Archie Wood 0-0: Foul Ball, location: 23F
0-1: Ball
1-1: Ball
2-1: Called Strike
2-2: SINGLE (Line Drive, 89S, EV 106.9 MPH)
Batting: SHB Jorge Morán 0-0: Ball
1-0: Swinging Strike
1-1: Ball
2-1: Ball
3-1: Called Strike
3-2: SINGLE (Line Drive, 78S, EV 108.8 MPH)
Archie Wood to second
Batting: RHB David Fisher 0-0: Ball
1-0: SINGLE (Line Drive, 89M, EV 103.8 MPH)
Archie Wood to third
Jorge Morán to second
Batting: LHB Jorge Fernández 0-0: Ball
1-0: Swinging Strike
1-1: Called Strike
1-2: Fly out, F7 (Line Drive, 78M, EV 93.8 MPH)
Runner from 3rd tags up, OUT at HOME! 7-2
Bottom of the 7th over - 0 runs, 3 hits, 0 errors, 2 left on base; Baltimore 0 - Detroit 3
TOP OF THE 8TH
Baltimore Orioles batting - Pitching for Detroit Tigers : LHP Loren Simpson
Pitching: RHP Roberto Alemán
Batting: LHB Shinobu Narita 0-0: Ball
1-0: Called Strike
1-1: Ground out 6-3 (Groundball, 6M, EV 80.0 MPH)
Batting: RHB Ken Hudson 0-0: Ball
1-0: Ball
2-0: Called Strike
2-1: Ball
3-1: Base on Balls
Pinch Hitting: LHB Héctor Hernández 0-0: Ball
1-0: Called Strike
1-1: Swinging Strike
1-2: Strikes out swinging
Batting: LHB Tony Flores 0-0: Called Strike
0-1: SINGLE (Groundball, 4MD, EV 105.0 MPH)
Ken Hudson to second
Runner from 2nd tries for 3rd, SAFE, throw by CF made to third
Batting: RHB Manny Rivera 0-0: Ball
1-0: Ball
2-0: Ball
3-0: Called Strike
3-1: Base on Balls
Tony Flores to second
Pinch Hitting: LHB Nicholas Bradley 0-0: Called Strike
0-1: Foul Ball, location: 2F
0-2: Foul Ball, location: 2F
0-2: Ball
1-2: Ground out U3 (Groundball, 34, EV 77.5 MPH)
Top of the 8th over - 0 runs, 1 hit, 0 errors, 3 left on base; Baltimore 0 - Detroit 3
BOTTOM OF THE 8TH
Detroit Tigers batting - Pitching for Baltimore Orioles : RHP José Chávez
Pitching: LHP Valentín Marroquín
Now in LF: Tony Flores
Now in CF: Nicholas Bradley
Now in RF: Héctor Hernández
Batting: RHB Luis Martínez 0-0: Ball
1-0: Called Strike
1-1: Ball
2-1: Ball
3-1: Base on Balls
Batting: LHB Masanori Ikeda 0-0: Ball
1-0: Fly out, F2 (Popup, 2RF, EV 86.9 MPH)
Batting: LHB Dong-po Xiong 0-0: Ball
1-0: Called Strike
1-1: SINGLE (Flyball, 9LS, EV 86.3 MPH)
Luis Martínez to second
Runner from 2nd tries for 3rd, SAFE, throw by RF made to third
Batting: RHB Jim Velazaqau 0-0: Ball
1-0: Called Strike
1-1: Foul Ball, location: 5FF
1-2: Ball
2-2: SINGLE (Line Drive, 6D, EV 95.6 MPH)
Luis Martínez scores
Dong-po Xiong to second
Batting: LHB Miguel Martínez 0-0: SINGLE (Flyball, 8LS, EV 95.0 MPH)
Dong-po Xiong to third
Jim Velazaqau to second
Runner from 3rd tries for Home, SAFE, throw by CF to home
Batting: LHB Archie Wood 0-0: Swinging Strike
0-1: Ball
1-1: DOUBLE (Flyball, 8LXD, EV 99.4 MPH)
Jim Velazaqau scores
Miguel Martínez to third
Pitching: LHP Telma Capelas
Batting: SHB Jorge Morán 0-0: Ball
1-0: Ball
2-0: Called Strike
2-1: Ball
3-1: Foul Ball, location: 9LSF
3-2: Ground out U3 (Groundball, 34, EV 85.0 MPH)
Batting: RHB David Fisher 0-0: Foul Ball, location: 2F
0-1: Swinging Strike
0-2: Ball
1-2: Ground out 5-3 (Groundball, 5S, EV 89.4 MPH)
Bottom of the 8th over - 3 runs, 4 hits, 0 errors, 2 left on base; Baltimore 0 - Detroit 6
TOP OF THE 9TH
Baltimore Orioles batting - Pitching for Detroit Tigers : RHP Roberto Alemán
Batting: RHB Mike Lansfor 0-0: Fly out, F8 (Flyball, 89M, EV 88.8 MPH)
Pitching: RHP Phil McDonald
Batting: RHB Kent Cox 0-0: Called Strike
0-1: Called Strike
0-2: Ground out 3-1 (Groundball, 34S, EV 86.9 MPH)
Batting: LHB Armando Martínez 0-0: Ball
1-0: Ball
2-0: Ball
3-0: Base on Balls
Batting: LHB Shinobu Narita 0-0: Foul Ball, location: 2F
0-1: Ball
1-1: Called Strike
1-2: 2-RUN HOME RUN (Flyball, 9LD, EV 92.5 MPH), Distance : 346 ft
Batting: RHB Ken Hudson 0-0: SINGLE (Flyball, 78S, EV 91.9 MPH)
Batting: LHB Héctor Hernández 0-0: Ball
1-0: Called Strike
1-1: Ball
2-1: Ball
3-1: Base on Balls
Ken Hudson to second
Pitching: RHP Hamal bin Ra'id
Batting: LHB Tony Flores 0-0: Called Strike
0-1: Called Strike
0-2: Foul Ball, location: 7LMF
0-2: Ball
1-2: Strikes out swinging
Top of the 9th over - 2 runs, 2 hits, 0 errors, 2 left on base; Baltimore 2 - Detroit 6
Monday, April 8th , 2024 - OOTP Baseball 24.10 Build 82